 Dungeon Crawl Stone Soup version 0.21.1-1-g345015f (webtiles) character file.

2 Goblin1989 the Insei (level 1, -1/15 HPs)
             Began as a Demonspawn Transmuter on Mar 28, 2018.
             Slain by a kobold
             ... wielding a +1 whip of electrocution
              (14 damage)
             ... on level 1 of the Dungeon.
             The game lasted 00:01:06 (152 turns).

Goblin1989 the Insei (Demonspawn Transmuter)         Turns: 152, Time: 00:01:09

Health: -1/15      AC:  2    Str: 10    XL:     1   Next: 33%
Magic:  2/3        EV: 12    Int: 14    God:
Gold:   30         SH:  0    Dex: 13    Spells: 3/4 levels left

rFire    . . .     SeeInvis .     - Unarmed
rCold    . . .     Gourm    .   (no shield)
rNeg     . . .     Faith    .   b - +0 robe
rPois    .         Spirit   .   (no helmet)
rElec    .         Reflect  .   (no cloak)
rCorr    .         Harm     .   (no gloves)
MR       .....                  (no boots)
Stlth    +.........             (no amulet)
HPRegen  0.05/turn              l - ring of flight
MPRegen  0.08/turn              (no ring)

@: appendage
A: horns 2
a: End Transformation, Evoke Flight


You were on level 1 of the Dungeon.
You were not hungry.
You had grown temporary horns.
You visited 1 branch of the dungeon, and saw 1 of its levels.

You collected 30 gold pieces.

Inventory:

Hand Weapons
 i - a +0 hunting sling
Missiles
 a - 32 arrows
 g - 7 stones (quivered) {@Q3}
Armour
 b - a +0 robe (worn)
Jewellery
 l - a ring of flight (left hand)
Scrolls
 f - a scroll of identify {unknown}
Potions
 h - a potion of haste {unknown}
 n - a potion of flight {unknown}
Books
 c - a book of Changes

   Spells                             Type                      Level
   a - Beastly Appendage              Transmutation                1
   b - Sticks to Snakes               Transmutation                2
   c - Spider Form                    Transmutation/Poison         3
   d - Ice Form                       Ice/Transmutation            4
   e - Blade Hands                    Transmutation                5
Comestibles
 e - 2 rations
 m - a chunk of flesh


   Skills:
 + Level 1.0 Fighting
 + Level 1.8 Dodging
 * Level 2.7 Unarmed Combat
 + Level 2.0 Spellcasting
 * Level 1.8 Transmutations


You had 3 spell levels left.
You knew the following spells:

 Your Spells              Type           Power        Failure   Level  Hunger
a - Beastly Appendage     Tmut           #.....       11%         1    ##.....


Dungeon Overview and Level Annotations

Branches:
Dungeon (1/15)

Altars:


Innate Abilities, Weirdness & Mutations

You have a pair of horns on your head.


Message History

No target in view!
No target in view!
No target in view!
No target in view!
No target in view!
No target in view!
No target in view!
No target in view!
No target in view!
No target in view!
You now have 27 gold pieces (gained 11).
A rat comes into view.
A rat is nearby!
A bat comes into view.
You hit the rat.
You kill the rat!
No target in view!
No target in view!
No target in view!
No target in view!
No target in view!
No target in view!
No target in view!
No target in view!
No target in view!
No target in view!
No target in view!
No target in view!
No target in view!
No target in view!
No target in view!
No target in view!
The bat is too close now for your liking.
The bat hits you.
You take 1 damage, and have 14/15 hp.
The bat hits you but does no damage. The bat barely misses you.
The bat closely misses you. The bat hits you but does no damage.
The bat hits you but does no damage. x2
You hit the bat.
You kill the bat!
No target in view!
No target in view!
No target in view!
No target in view!
No target in view!
No target in view!
No target in view!
No target in view!
No target in view!
No target in view!
No target in view!
No target in view!
No target in view!
No target in view!
No target in view!
No target in view!
No target in view!
No target in view!
No target in view!
No target in view!
No target in view!
No target in view!
No target in view!
No target in view!
You see here a bat corpse.
HP restored.
You butcher the bat corpse.
m - a chunk of flesh Health restored: 15 You now have 30 gold pieces (gained 3).
n - a viscous amethyst potion A kobold comes into view.
It is wielding a whip of electrocution.
The kobold shouts!
You see here 26 stones {@Q3}.
A kobold is nearby!
Unknown command.
Press: ? - help, v - describe, . - travel
Here: a kobold, wielding a whip of electrocution The floor.
Wield which item (- for none, * to show all)? (? for menu, Esc to quit)
i - a +0 hunting sling (weapon)
Firing (i - inventory):
g - 9 stones (quivered)
{@Q3}
Press: ? - help, Shift-Dir - straight line, f - kobold
Aim: a kobold, wielding a whip of electrocution You shoot a stone {@Q3}.
The stone {@Q3} closely misses the kobold.
Firing (i - inventory):
g - 8 stones (quivered)
{@Q3}
Press: ? - help, Shift-Dir - straight line, f/p - kobold
Aim: a kobold, wielding a whip of electrocution You shoot a stone {@Q3}.
The stone {@Q3} closely misses the kobold.
You are now empty-handed.
Casting: Beastly Appendage
Confirm with . or Enter, or press ? or * to list all spells.
You grow a pair of large bovine horns.
The kobold hits you with a whip of electrocution.
You are electrocuted!
Ouch! That really hurt!
You die... █████

█.....>....█.█.....█
█..........█.█.█ █.█
█.████.█████.█.███.█ █.
██.█ █......(█ █. █..█
█.....███ █.███.██
█..K..██ █.....█ █......█
████...████████......██
▲.........@K.....(......▲
██.......████████...█.███
██...██.█ ██....█ ██.█
█.█ █.████ ... ..█ █.█
█.██ .█. .█ █. .█ █ █ █


You could see a kobold.

Vanquished Creatures
  2 bats (D:1)
  A rat (D:1)
3 creatures vanquished.

Notes
Turn   | Place    | Note
-------+----------+-------------------------------------------
     0 | D:1      | Goblin1989 the Demonspawn Transmuter began the quest for the Orb.
     0 | D:1      | Reached XP level 1. HP: 15/15 MP: 3/3
   152 | D:1      | Slain by a kobold

Action                   || total
-------------------------++-------
Melee: Unarmed           ||     5
       Punch             ||     1
 Fire: Hunting sling     ||     2
 Cast: Beastly Appendage ||     1
Armor: Robe              ||     4
Dodge: Dodged            ||     5

Vault maps used:
D:1:      dpeg_arrival_snail
